 Dungeon Crawl Stone Soup version 0.31.0-12-g77e489cdc1 (webtiles) character file.

Game seed: 2984267366594580142

91459 McKennaii the Devastator (level 15, -6/99 HPs)
             Began as a Demigod Conjurer on Feb 23, 2024.
             Incinerated by a sun moth (13 damage)
             ... with a flurry of pyrophoric scales
             ... on level 14 of the Dungeon.
             The game lasted 00:46:56 (30582 turns).

McKennaii the Devastator (Demigod Conjurer)        Turns: 30582, Time: 00:46:56

Health: -6/99      AC: 11    Str: 12    XL:     15   Next: 13%
Magic:  21/50      EV: 12    Int: 36    God:
Gold:   1859       SH:  0    Dex: 12    Spells: 26/47 levels left

rFire   . . .        f - staff of conjuration
rCold   + + +        (no shield)
rNeg    . . .        J - +4 skin of Zhor {*Englaciate rC+++ SInv}
rPois   .            O - +0 helmet
rElec   .            (no cloak)
rCorr   .            k - +0 pair of gloves
SInv    +            K - +2 pair of boots
Will    +....        r - amulet of regeneration
Stlth   +            h - ring of flight
HPRegen 1.16/turn    L - ring of magical power
MPRegen 0.32/turn

%: no passive effects
@: on fire, flying, glowing, studying 2 skills
A: high MP 1, forlorn, divine attributes
a: no special abilities


You were on level 14 of the Dungeon.
You visited 2 branches of the dungeon, and saw 19 of its levels.
You also visited: Bailey.

You collected 1859 gold pieces.

Inventory:

Hand Weapons
 G - a +1 demon whip of venom
 Z - the +2 spear of Hoqeugea {freeze, rElec}
   (You took it off a spriggan on level 12 of the Dungeon)

   rElec:     It insulates you from electricity.
Armour
 k - a +0 pair of gloves (worn)
 J - the +4 skin of Zhor (worn) {*Englaciate rC+++ SInv}
   (You acquired it on level 13 of the Dungeon)

   *Englaciate: It radiates cold, occasionally slowing all nearby creatures who
   are not resistant to cold.
   rC+++:     It renders you almost immune to cold.
   SInv:      It lets you see invisible.
 K - a +2 pair of boots (worn)
 O - a +0 helmet (worn)
Magical Staves
 f - a staff of conjuration (weapon)
Jewellery
 a - the amulet of Xom's Ringing Laughter {Faith Int+2}
   (You found it on level 3 of the Lair of Beasts)

   [amulet of faith]

   Faith:     It allows you to gain divine favour quickly.
   Int+2:     It affects your intelligence (+2).
 h - a ring of flight (left hand)
 r - an amulet of regeneration (around neck)
 H - a ring of wizardry
 L - a ring of magical power (right hand)
 P - a ring of positive energy
 R - the ring "Rocaak" {rPois Dex+2}
   (You found it on level 10 of the Dungeon)

   [ring of poison resistance]

   Dex+2:     It affects your dexterity (+2).
   rPois:     It protects you from poison
 V - a ring of fire
 X - a ring of willpower
Wands
 d - a wand of mindburst (5)
 q - a wand of charming (26)
 x - a wand of digging (11)
 y - a wand of polymorph (9)
 A - a wand of flame (26)
 I - a wand of quicksilver (3)
 T - a wand of roots (9)
Scrolls
 e - 12 scrolls of teleportation
 j - 4 scrolls of blinking
 l - 4 scrolls of poison
 o - 2 scrolls of immolation
 p - 5 scrolls of fear
 s - 2 scrolls of vulnerability
 u - 2 scrolls of butterflies
 w - 4 scrolls of enchant armour
 D - 3 scrolls of noise {unknown}
 E - 5 scrolls of enchant weapon {unknown}
 S - 3 scrolls of fog {unknown}
 U - a scroll of amnesia {unknown}
 Y - a scroll of brand weapon {unknown}
Potions
 b - 3 potions of magic
 c - 2 potions of invisibility
 g - 5 potions of attraction
 i - 11 potions of curing
 m - 4 potions of heal wounds
 n - 5 potions of enlightenment
 t - 4 potions of haste
 v - a potion of brilliance
 z - 2 potions of cancellation {unknown}
 B - 2 potions of degeneration {unknown}
 C - 6 potions of might {unknown}
 F - 2 potions of berserk rage {unknown}
 M - 4 potions of resistance {unknown}
 N - 2 potions of lignification
Miscellaneous
 Q - a phantom mirror
 W - a condenser vane


   Skills:
 - Level 1.7 Dodging
 - Level 1.7 Stealth
 + Level 16.6 Spellcasting
 + Level 18.3 Conjurations
 - Level 4.0 Earth Magic


You had 26 spell levels left.
You knew the following spells:

 Your Spells              Type           Power      Damage    Failure   Level
a - Magic Dart            Conj           100%       1d8       0%          1
b - Searing Ray           Conj           100%       2d8       0%          2
c - Iskenderun's Mystic   Conj/Tloc      97%        2d19      1%          4
d - Stone Arrow           Conj/Erth      100%       3d13      1%          3
e - Bombard               Conj/Erth      52%        9d9       1%          6
f - Lee's Rapid Deconstr  Erth           28%        3d15*     6%          5

Your spell library contained the following spells:

 Spells                   Type           Power      Damage    Failure   Level
 Apportation              Tloc           58%        N/A       1%          1
 Necrotise                Necr           100%       1d9       1%          1
 Sandblast                Erth           100%       2d20      1%          1
 Shock                    Conj/Air       100%       1d9       1%          1
 Sting                    Conj/Alch      100%       1d9       1%          1
 Summon Small Mammal      Summ           100%       N/A       1%          1
 Blink                    Tloc           58%        N/A       1%          2
 Cigotuvi's Dreadful Rot  Necr/Alch/Air  58%        N/A       1%          2
 Jinxbite                 Hex            58%        N/A       1%          2
 Lesser Beckoning         Tloc           58%        N/A       1%          2
 Momentum Strike          Conj/Tloc      100%       3d10      1%          2
 Scorch                   Fire           58%        2d7       1%          2
 Passwall                 Erth           56%        N/A       1%          3
 Brom's Barrelling Bould  Conj/Erth      100%       2d11      1%          4
 Fulminant Prism          Conj/Alch      48%        3d21      1%          4
 Fireball                 Conj/Fire      48%        3d19      1%          5
 Freezing Cloud           Conj/Ice/Air   42%        6-21      2%          5
 Call Canine Familiar     Summ           29%        N/A       3%          3
 Fugue of the Fallen      Necr           29%        N/A       3%          3
 Gell's Gravitas          Tloc           29%        N/A       3%          3
 Ozocubu's Armour         Ice            29%        N/A       3%          3
 Sigil of Binding         Hex            29%        N/A       3%          3
 Swiftness                Air            29%        N/A       3%          3
 Teleport Other           Tloc           29%        N/A       3%          3
 Vampiric Draining        Necr           29%        2d8       3%          3
 Leda's Liquefaction      Alch/Erth      22%        N/A       5%          4
 Airstrike                Air            14%        2d(3-19)  12%         4
 Anguish                  Hex/Necr       14%        N/A       12%         4
 Animate Dead             Necr           29%        N/A       12%         4
 Cause Fear               Hex            14%        N/A       12%         4
 Dimensional Bullseye     Hex/Tloc       14%        N/A       12%         4
 Dispel Undead            Necr           29%        3d13      12%         4
 Ignite Poison            Fire/Alch      29%        N/A       12%         4
 Manifold Assault         Tloc           29%        N/A       12%         4
 Martyr's Knell           Necr/Summ      29%        N/A       12%         4
 Summon Blazeheart Golem  Fire/Summ      29%        N/A       12%         4
 Alistair's Intoxication  Alch           19%        N/A       32%         5
 Curse of Agony           Necr           29%        N/A       32%         5
 Death Channel            Necr           14%        N/A       88%         6
 Dispersal                Tloc           14%        N/A       88%         6
 Enfeeble                 Hex            14%        N/A       100%        7
 Haunt                    Necr/Summ      14%        N/A       100%        7
 Infestation              Necr           14%        N/A       100%        8


Dungeon Overview and Level Annotations

Branches:
Dungeon (14/15)            Temple (0/1) D:4            Lair (5/5) D:11
  Swamp (0/4) Lair:3       Spider (0/4) Lair:3        Slime (0/5) Lair:5
    Orc (0/2) D:11         Vaults (0/5) D:14         Bailey (visited)

Shops:
D:8 *   D:14 =


Innate Abilities, Weirdness & Mutations

You have an increased reservoir of magic. (+10% MP)
You shall have no god before yourself.
Your divine heritage dramatically boosts your attributes as you level up.


Message History

The sun moth's wings beat fiercely.
The flurry of pyrophoric scales hits you.
You are covered in intense liquid fire!
Unknown command.
You feel a surge of power!
The stone arrow misses the sun moth.
The liquid fire burns you!
The sun moth bites you but does no damage.
Unknown command.
You feel a surge of power!
The stone arrow hits the sun moth!
The sun moth is heavily wounded.
The liquid fire burns you! The sun moth bites you!!
Unknown command.
Casting: Stone Arrow (safe; 1% risk of failure)
Confirm with . or Enter, or press ? or * to list all spells.
You feel a surge of power!
You erupt in a blast of force!
The mystic blast hits the sun moth!
The sun moth is severely wounded.
The sun moth is knocked back by the mystic blast.
The sun moth slams into the rock wall!
The sun moth is almost dead.
The liquid fire burns you!
* * * LOW HITPOINT WARNING * * *
The sun moth bites you!
* * * LOW HITPOINT WARNING * * *
Unknown command.
Unknown command.
Unknown command.
Casting: Iskenderun's Mystic Blast (safe; 1% risk of failure)
Confirm with . or Enter, or press ? or * to list all spells.
You feel a surge of power!
You erupt in a blast of force!
The mystic blast hits the sun moth!
You kill the sun moth!
The sun moth's shape twists and changes as it dies.
The liquid fire burns you!
* * * LOW HITPOINT WARNING * * *
Unknown command.
You are on fire!
The liquid fire burns you!
You die...

#.# . .. ##. ..
..# . #.# #. #.# #
#.###.##.###
#.##...........
#......@†####
######......##.#
###.#......
.#########..#.##.#
.................#
#######'#######.##
#.# #.#
#####.##### #.#
### #...'.'...#
#.######.#


There were no monsters in sight!

Vanquished Creatures
  Rupert (Lair:5)
  Frances (D:13)
  A balrug (D:14)
  Josephine (D:13)
  An entropy weaver (shapeshifter) (D:13)
  3 entropy weavers (D:10)
  The ghost of billyroblox the Brawler, a journeyman TrBe of Trog (D:12)
  8 hydras
  4 catoblepae
  2 ghost crabs (D:10)
  3 boulder beetles
  3 two-headed ogres
  4 centaur warriors
  3 tengu warriors
  12 death yaks
  6 fire crabs (D:10)
  Sonja (D:13)
  Amaemon (D:9)
  6 skeletal warriors (D:13)
  2 skysharks
  A sun moth (shapeshifter) (D:14)
  A swamp dragon (Lair:3)
  An arcanist (D:13)
  The ghost of billyroblox the Grappler, a novice TrBe of Trog (D:6)
  2 orc knights
  3 deep elf pyromancers
  An ugly thing (D:8)
  5 manticores
  An orc sorcerer (Bailey)
  4 cyclopes
  4 black mambas
  7 elephants
  3 meliai (D:14)
  Joseph (D:7)
  An apocalypse crab (D:10)
  An ice statue (Lair:2)
  2 torpor snails (Lair:5)
  13 cane toads
  4 orange demons
  3 unseen horrors
  8 kobold demonologists
  3 rime drakes
  12 komodo dragons
  A red devil (D:14)
  A tengu conjurer (D:13)
  A troll (D:14)
  3 polar bears (Lair:2)
  A hornet (D:12)
  Grinder (D:3)
  23 blink frogs
  5 dream sheep (Lair:5)
  9 slime creatures
  A culicivora (Lair:3)
  2 shadows
  2 spriggans (D:12)
  A ynoxinul (D:14)
  4 wyverns
  3 wraiths (D:13)
  30 yaks
  A yak (shapeshifter) (D:13)
  2 basilisks
  Grum (Lair:1)
  A fire elemental (Lair:2)
  A redback (Lair:3)
  3 steam dragons
  8 vampire mosquitoes
  Menkaure (D:6)
  11 water moccasins
  A sky beast (D:7)
  A swamp drake (Lair:3)
  An ice beast (D:6)
  2 laughing skulls (D:14)
  13 orc warriors
  3 black bears
  An ogre (D:6)
  2 boggarts
  24 wolves
  9 centaurs
  2 phantoms
  7 kobold brigands
  2 gnoll sergeants
  4 scorpions
  12 bullfrogs
  10 wights
  7 killer bees (D:7)
  8 electric eels
  7 howler monkeys
  4 hounds
  A jelly (D:7)
  9 orc priests
  6 bombardier beetles
  4 iguanas
  11 orc wizards
  12 gnolls
  10 adders
  3 white imps
  2 dart slugs (D:1)
  2 ribbon worms (D:2)
  39 orcs
  5 endoplasms
  A giant cockroach (D:4)
  18 goblins
  9 hobgoblins
  2 jackals (D:3)
  29 kobolds
  3 quokkas
  9 ball pythons
  5 bats
  A frilled lizard (D:3)
  7 rats
571 creatures vanquished.

Notes
Turn   | Place    | Note
-------+----------+-------------------------------------------
     0 | D:1      | McKennaii the Demigod Conjurer began the quest for the Orb.
     0 | D:1      | Reached XP level 1. HP: 14/14 MP: 5/5
   152 | D:1      | Reached XP level 2. HP: 12/20 MP: 0/7
   155 | D:1      | Learned a level 2 spell: Searing Ray
   455 | D:1      | Reached skill level 4 in Conjurations
  1012 | D:2      | Reached XP level 3. HP: 26/26 MP: 6/9
  1595 | D:2      | Reached XP level 4. HP: 33/33 MP: 8/11
  2713 | D:3      | Reached skill level 5 in Conjurations
  2713 | D:3      | Reached XP level 5. HP: 20/38 MP: 4/13
  2722 | D:3      | Learned a level 4 spell: Iskenderun's Mystic Blast
  2993 | D:3      | Noticed Grinder
  3001 | D:3      | Killed Grinder
  3002 | D:3      | Reached XP level 6. HP: 35/45 MP: 5/15
  3349 | D:4      | Learned a level 3 spell: Stone Arrow
  3437 | D:4      | Found a staircase to the Ecumenical Temple.
  4099 | D:4      | Reached skill level 6 in Conjurations
  4373 | D:5      | Entered Level 5 of the Dungeon
  4597 | D:5      | Reached skill level 5 in Spellcasting
  4597 | D:5      | Reached XP level 7. HP: 50/50 MP: 11/17
  5084 | D:5      | Reached skill level 7 in Conjurations
  5123 | D:5      | Got Sif Muna's Octavo of the Zephyr and the Plateau
  5403 | D:6      | Reached XP level 8. HP: 48/57 MP: 11/20
  5957 | D:6      | Found a runed translucent door.
  5958 | D:6      | Noticed billyroblox's ghost (novice TrBe)
  6032 | D:6      | Noticed Menkaure
  6035 | D:6      | Killed Menkaure
  6036 | D:6      | Reached skill level 8 in Conjurations
  7223 | D:7      | Noticed Joseph
  7257 | D:7      | Killed Joseph
  7258 | D:7      | Reached skill level 9 in Conjurations
  7258 | D:7      | Reached XP level 9. HP: 21/62 MP: 1/24
  8938 | D:6      | Killed billyroblox's ghost
  8939 | D:6      | Reached skill level 10 in Conjurations
  9122 | D:8      | Noticed a green ugly thing
  9136 | D:8      | Killed a green ugly thing
  9397 | D:8      | Reached XP level 10. HP: 63/69 MP: 20/27
  9574 | D:8      | Found Vafyob's Changing Room.
 10109 | D:9      | Noticed Amaemon
 10242 | D:9      | Killed Amaemon
 10243 | D:9      | Reached skill level 11 in Conjurations
 10259 | D:9      | Found a flagged portal.
 10390 | Bailey   | Entered a bailey
 10656 | Bailey   | Reached skill level 10 in Spellcasting
 10674 | Bailey   | Noticed an orc knight
 10686 | Bailey   | Killed an orc knight
 11175 | Bailey   | Noticed an orc sorcerer
 11189 | Bailey   | Killed an orc sorcerer
 11701 | D:9      | Noticed a rust devil
 12097 | D:10     | Entered Level 10 of the Dungeon
 12112 | D:10     | Reached skill level 12 in Conjurations
 12344 | D:10     | Learned a level 6 spell: Bombard
 12420 | D:10     | Reached XP level 11. HP: 51/74 MP: 14/30
 12547 | D:10     | Noticed a two-headed ogre
 12552 | D:10     | Killed a two-headed ogre
 12553 | D:10     | Reached skill level 1 in Earth Magic
 13192 | D:10     | Found a runed translucent door.
 13659 | D:10     | Noticed a fire crab
 13863 | D:10     | Killed a fire crab
 13907 | D:10     | Noticed a fire crab
 13911 | D:10     | Killed a fire crab
 13911 | D:10     | Noticed a fire crab
 14007 | D:10     | Noticed a fire crab
 14008 | D:10     | Killed a fire crab
 14061 | D:10     | Killed a fire crab
 14156 | D:10     | Noticed an entropy weaver
 14166 | D:10     | Killed an entropy weaver
 14317 | D:10     | Noticed a fire crab
 14321 | D:10     | Killed a fire crab
 14386 | D:10     | Noticed a fire crab
 14400 | D:10     | HP: 3/74 [fire crab/blast of flame (6)]
 14627 | D:10     | Killed a fire crab
 14708 | D:10     | Noticed an entropy weaver
 14711 | D:10     | Killed an entropy weaver
 14808 | D:10     | Noticed a ghost crab
 14821 | D:10     | Killed a ghost crab
 14822 | D:10     | Reached skill level 13 in Conjurations
 14910 | D:10     | Noticed a ghost crab
 14912 | D:10     | Killed a ghost crab
 14969 | D:10     | Noticed an entropy weaver
 14980 | D:10     | Killed an entropy weaver
 15135 | D:10     | Identified the ring "Rocaak" {rPois Dex+2}
 15368 | D:11     | Noticed a two-headed ogre
 15373 | D:11     | Killed a two-headed ogre
 15482 | D:11     | Reached XP level 12. HP: 81/81 MP: 10/32
 15939 | D:11     | Found a staircase to the Lair.
 16061 | D:11     | Found a staircase to the Orcish Mines.
 17445 | D:12     | Found a runed translucent door.
 17446 | D:12     | Noticed billyroblox's ghost (journeyman TrBe)
 17452 | D:12     | Identified the +2 spear of Hoqeugea {freeze, rElec}
 17636 | Lair:1   | Entered Level 1 of the Lair of Beasts
 17647 | Lair:1   | Reached skill level 14 in Conjurations
 17716 | Lair:1   | Noticed Grum
 17722 | Lair:1   | Killed Grum
 18124 | Lair:1   | Noticed a boulder beetle
 18285 | Lair:1   | Killed a boulder beetle
 18937 | Lair:1   | Acquired 393 gold pieces
 19635 | Lair:2   | Learned a level 5 spell: Lee's Rapid Deconstruction
 19716 | Lair:2   | Got the Essays on the Burning Cemetery
 19940 | Lair:2   | Noticed a seven-headed hydra
 19948 | Lair:2   | Killed a seven-headed hydra
 19949 | Lair:2   | Reached skill level 15 in Conjurations
 19949 | Lair:2   | Reached XP level 13. HP: 79/86 MP: 23/35
 20835 | Lair:3   | Identified the amulet of Xom's Ringing Laughter {Faith
                  | Int+2}
 21167 | Lair:3   | Found a hole to the Spider Nest.
 21400 | Lair:3   | Found a staircase to the Swamp.
 22818 | Lair:4   | Reached skill level 16 in Conjurations
 23495 | Lair:5   | Entered Level 5 of the Lair of Beasts
 23930 | Lair:5   | Found a staircase to the Slime Pits.
 24630 | Lair:5   | Reached skill level 15 in Spellcasting
 24760 | Lair:5   | Identified the maw talisman of a wizard's laboratory {rC++
                  | SInv Stlth-}
 24760 | Lair:5   | Noticed Rupert
 24761 | Lair:5   | Reached XP level 14. HP: 93/93 MP: 38/38
 24792 | Lair:5   | Paralysed by Rupert for 5 turns
 24938 | Lair:5   | Killed Rupert
 26070 | Lair:5   | Reached skill level 17 in Conjurations
 26625 | D:12     | Killed billyroblox's ghost
 26907 | D:13     | Noticed Sonja
 26915 | D:13     | Killed Sonja
 27169 | D:13     | Noticed Josephine
 27183 | D:13     | Killed Josephine
 27915 | D:13     | Identified the +9 arbalest "Witzaag" {flame, *Corrode
                  | Int+4}
 28660 | D:13     | Noticed Frances
 28665 | D:13     | Killed Frances
 29203 | D:13     | Acquired the +4 skin of Zhor {*Englaciate rC+++ SInv}
 29203 | D:13     | Found the +4 skin of Zhor {*Englaciate rC+++ SInv}
 29472 | D:14     | Reached skill level 18 in Conjurations
 29660 | D:14     | Found Ashrepana's Jewellery Emporium.
 29766 | D:14     | Reached XP level 15. HP: 94/99 MP: 35/41
 29831 | D:14     | Found a gate to the Vaults.
 30582 | D:14     | Incinerated by a sun moth

Illustrated notes

Levels and vault maps discovered:
D:1:      dpeg_arrival_line_fractal, layout_basic,
          chequers_serial_rivers_micro_c
D:2:      layout_basic
D:3:      layout_loops_cross, chequers_temple_overflow_statue_of_worship,
          uniq_grinder
D:4:      layout_loops_corners, minmay_temple_entry_arrows
D:5:      layout_rooms, nzn_overflow_gifts_of_might_and_magic
D:6:      layout_basic, gammafunk_temple_overflow_forgotten,
          gammafunk_ghost_grave, nicolae_eternal_life,
          nicolae_concentric_dashed_squares_wild, uniq_menkaure
D:7:      layout_gridville, minmay_overflow_temple_star_quad, eino_jars,
          uniq_joseph
D:8:      layout_basic, nicolae_transmutations_shop
D:9:      layout_roguey, enter_bailey_8, uniq_amaemon
D:10:     gammafunk_mikee_crab_dinner, layout_cave_pods, minivault_21
D:11:     layout_cave_pools, lair_entry_dummy, orc_0_dummy
D:12:     layout_roguey, ebering_ghost_funeral_grove, xom_shifter_show
D:13:     minmay_stepped, layout_stronghold, uniq_sonja, uniq_josephine,
          uniq_frances
D:14:     evilmike_makhleb_hellhole, layout_loops_cross,
          hellmonk_vaults_attempted_burglary, serial_shops, shop,
          minmay_door_square
Lair:1:   layout_long_grid, hibernation_bobbens, lemuel_fruit_tree,
          infiniplex_staircase_pool, uniq_grum
Lair:2:   statuecave_lemuel, layout_gridlike, cheibrodos_lair_lostbears
Lair:3:   layout_roguey, mainiacjoe_swamp_entry_lozenge_pond,
          spider_nest_entry_funnel_web, chequers_serial_rivers_small_3,
          grunt_megastairs_5
Lair:4:   layout_loops_ring
Lair:5:   evilmike_catoblepas_cave, layout_regular_city, slime_entry_1,
          minivault_24, nicolae_quartered_pool_impasse,
          chequers_serial_rivers_large_a, pond, uniq_rupert

Skill      XL: |  1  2  3  4  5  6  7  8  9 10 11 12 13 14 |
---------------+-------------------------------------------+-----
Spellcasting   | 2 3 4 5 6 7 9 10 12 13 15 16 | 16.6
Conjurations   | 4 5 6 7 9 10 12 13 15 16 18 | 18.3
Earth Magic    | 4 |  4.0
Dodging        | |  1.7
Stealth        | |  1.7

Action                     |  1- 3 |  4- 6 |  7- 9 | 10-12 | 13-15 || total
---------------------------+-------+-------+-------+-------+-------++-------
  Melee: Staff             |    14 |       |     1 |     1 |       ||    16
         Punch             |       |       |       |     1 |     2 ||     3
         Demon whip        |       |       |       |     9 |    15 ||    24
   Cast: Magic Dart        |    76 |    96 |   126 |    64 |       ||   362
         Searing Ray       |     1 |    11 |    41 |    23 |     9 ||    85
         Iskenderun's Myst |       |       |    21 |    87 |   155 ||   263
         Stone Arrow       |       |       |    19 |   156 |   227 ||   402
         Bombard           |       |       |       |    56 |    94 ||   150
         Lee's Rapid Decon |       |       |       |     4 |     4 ||     8
  Evoke: Wand              |       |       |    12 |     3 |     1 ||    16
         Phantom mirror    |       |       |       |       |     1 ||     1
    Use: Potion            |       |       |     2 |     3 |       ||     5
         Scroll            |       |       |       |    12 |     5 ||    17
 Armour: Robe              |    16 |     9 |    61 |    10 |       ||    96
         Leather armour    |       |       |       |     6 |       ||     6
         Steam dragon scal |       |       |       |   127 |   234 ||   361
         Animal skin       |       |       |       |       |    16 ||    16
  Dodge: Dodged            |    17 |    11 |    41 |    75 |   112 ||   256
